Capitals vs Kings

Created - 8 décembre 2020 at 08:15

Goals
1 2 3 T
Capitals 1 1 0 2
Kings 1 0 4 5
Shots
1 2 3 T
Capitals 6 12 17 35
Kings 9 10 12 31

1st period

1. Capitals , Elias Pettersson 5 (Claude Giroux 11, Riley Sheahan 1) at 9:41
2. Kings , Jamie Benn 4 (Alexander Radulov 7, Alex Goligoski 6) at 18:30 (PP)

Penalties :
Damon Severson (WAS) for Holding (Minor) at 11:15, Brady Skjei (WAS) for Unsportsmanlike conduct (Minor) at 16:57, Artemi Panarin (LAK) for Tripping (Minor) at 0:00

2nd period

3. Capitals , Claude Giroux 3 (Elias Pettersson 6) at 0:08 (PP)

Penalties :
Elias Pettersson (WAS) for Interference (Minor) at 10:50, Tomas Hertl (LAK) for Slashing (Minor) at 16:27

3rd period

4. Kings , Jonas Brodin 1 (Artemi Panarin 8, Tomas Hertl 8) at 1:44
5. Kings , Artemi Panarin 5 (Jonas Brodin 1) at 11:31
6. Kings , Artemi Panarin 6 (Alex Ovechkin 10, Tomas Hertl 9) at 19:10 (Empty Net)
7. Kings , Carter Rowney 2 (Alex Goligoski 7, Artturi Lehkonen 2) at 19:20

Penalties :
Johan Larsson (WAS) for Interference (Minor) at 5:43

Goalie Stats

Henrik Lundqvist (WAS), 26 saves from 30 shots - (0,867), L, 4-4-0, 59:54 minutes
Semyon Varlamov (LAK), 33 saves from 35 shots - (0,943), W, 5-2-1, 60:00 minutes

Players Stats for Capitals

Player Name              G  A  P  +/- PIM S  H  SB GA TA FO     MP     PP MP  PK MP  
------------------------------------------------------------------------------------
Adam Lowry               0  0  0  -1  0   2  2  1  0  0  0/0     8:13   0:00   0:00 
Ben Chiarot              0  0  0  -1  0   0  0  1  0  0  0/0    12:00   0:00   0:00 
Brady Skjei              0  0  0  -1  2   0  1  0  0  0  0/0    18:30   1:03   2:10 
Brock Nelson             0  0  0   0  0   1  0  0  1  0  4/9    15:20   0:52   1:48 
Claude Giroux            1  1  2  -1  0   8  2  0  1  2  19/31  22:54   1:16   4:38 
Damon Severson           0  0  0  -1  2   2  3  2  0  0  0/0    27:19   1:05   3:11 
Darren Helm              0  0  0   0  0   1  1  1  0  0  0/0    13:50   0:52   0:55 
Derek Grant              0  0  0  -1  0   2  1  0  1  0  5/9    12:21   0:00   0:00 
Elias Pettersson         1  1  2  -1  2   6  1  1  0  1  0/2    21:34   1:16   3:19 
Ian Cole                 0  0  0  -1  0   1  2  0  0  0  0/0    19:22   1:03   3:01 
Jake Guentzel            0  0  0   0  0   2  1  0  1  0  0/1    15:28   0:52   1:56 
Joakim Nordstrom         0  0  0  -1  0   0  0  0  0  0  0/1    12:21   0:00   0:00 
Joel Eriksson Ek         0  0  0  -1  0   0  3  0  0  0  3/6    19:34   1:16   1:10 
Johan Larsson            0  0  0  -1  2   5  6  0  1  0  0/0    14:19   0:00   1:14 
Oliver Ekman-Larsson     0  0  0  -3  0   2  1  5  0  0  0/0    24:50   1:05   4:29 
Riley Sheahan            0  1  1  -1  0   0  0  0  0  0  3/3     8:13   0:00   0:00 
Stephen Johns            0  0  0   1  0   0  0  1  0  0  0/0     4:21   0:00   0:19 
Tyler Pitlick            0  0  0  -1  0   3  2  0  0  0  0/0     8:13   0:00   0:00 
Zach Bogosian            0  0  0   0  0   0  3  2  0  0  0/0    13:44   0:00   1:50 

Players Stats for Kings

Player Name              G  A  P  +/- PIM S  H  SB GA TA FO     MP     PP MP  PK MP  
------------------------------------------------------------------------------------
Alex Goligoski           0  2  2   1  0   0  1  1  0  2  0/0    26:38   5:28   0:51 
Alex Ovechkin            0  1  1   3  0   2  4  2  0  0  0/1    21:11   3:41   0:30 
Alexander Radulov        0  1  1   0  0   3  1  0  1  0  2/2    17:44   3:49   0:00 
Artem Anisimov           0  0  0   0  0   1  1  1  0  0  1/1    18:14   3:49   0:30 
Artemi Panarin           2  1  3   3  2   7  2  2  1  1  1/2    20:41   3:41   0:00 
Artturi Lehkonen         0  1  1   1  0   3  0  0  0  0  0/0    11:53   0:00   0:22 
Carter Rowney            1  0  1   1  0   3  3  0  0  0  0/0    13:10   0:00   1:16 
Danny DeKeyser           0  0  0   2  0   0  0  2  0  0  0/0    17:35   0:00   1:17 
Jamie Benn               1  0  1   0  0   3  3  0  0  0  8/17   17:44   3:49   0:00 
Jayson Megna             0  0  0  -1  0   1  0  1  0  0  1/1     7:55   0:00   0:22 
Jonas Brodin             1  1  2   2  0   1  1  0  0  2  0/0    20:23   2:02   1:17 
Luke Schenn              0  0  0   0  0   0  0  1  0  0  0/0    12:59   0:00   0:00 
Michael Del Zotto        0  0  0   0  0   0  0  2  0  0  0/0    15:47   2:02   0:00 
Sean Kuraly              0  0  0   1  0   1  0  0  0  0  4/9    13:10   0:00   1:16 
Shea Weber               0  0  0   1  0   2  0  1  0  0  0/0    26:38   5:28   0:51 
Tage Thompson            0  0  0  -1  0   0  0  0  1  0  0/0     7:33   0:00   0:00 
Taro Hirose              0  0  0  -1  0   2  0  1  0  0  0/0     7:33   0:00   0:00 
Tomas Hertl              0  2  2   3  2   2  0  0  0  0  11/29  21:03   3:41   0:00 

3 Stars

1 - Artemi Panarin (LAK)
2 - Jonas Brodin (LAK)
3 - Alex Ovechkin (LAK)

Power Play

Capitals - 1 on 2 Attempt(s) - 50,00%
Kings - 1 on 4 Attempt(s) - 25,00%

Penalty Kill

Capitals - 3 on 4 Attempt(s) - 75,00% - Score 0 goal in Penalty Kill
Kings - 1 on 2 Attempt(s) - 50,00% - Score 0 goal in Penalty Kill

Team Stat

Capitals - Hits : 29 - Faceoff Wins : 34 - Blocked Shots : 14 - Penalty Minutes : 8
Kings - Hits : 16 - Faceoff Wins : 28 - Blocked Shots : 14 - Penalty Minutes : 4

Official

Referees : Garrett Rank and Marc Joannette
Linesman : Neil Campbell and Bevan Mills

Game Notes

Artemi Panarin has scored in a empty net!

Finance

Level 1 -- Attendance: 5561 (92,68%) -- Ticket Income 500 490 $
Level 2 -- Attendance: 5000 (100,00%) -- Ticket Income 250 000 $
Level 3 -- Attendance: 1960 (98,00%) -- Ticket Income 58 800 $
Level 4 -- Attendance: 4000 (100,00%) -- Ticket Income 40 000 $
Luxury Box -- Attendance: 961 (96,10%) -- Ticket Income 153 760 $
Game was played at the Hollywood Garden.
Total Attendance: 17482 (97,12%)
Total Ticket Income: 1 003 050 $
Other Income: 491 494 $
Total Income: 1 494 544 $

Capitals

5 vs 5 Forward 
   Center                   Left Wing                Right Wing               Time % Phy DF OF 
 1 Claude Giroux            Elias Pettersson         Joel Eriksson Ek         40     1   2  2  
 2 Brock Nelson             Jake Guentzel            Darren Helm              30     1   2  2  
 3 Derek Grant              Johan Larsson            Joakim Nordstrom         20     1   2  2  
 4 Riley Sheahan            Adam Lowry               Tyler Pitlick            10     1   2  2  

5 vs 5 Defense 
   Defense                  Defense                                           Time % Phy DF OF 
 1 Damon Severson           Oliver Ekman-Larsson                              40     1   2  2  
 2 Ian Cole                 Brady Skjei                                       30     1   2  2  
 3 Ben Chiarot              Zach Bogosian                                     20     1   2  2  
 4 Stephen Johns            Damon Severson                                    10     1   2  2  

PowerPlay Forward 
   Center                   Left Wing                Right Wing               Time % Phy DF OF 
 1 Claude Giroux            Elias Pettersson         Joel Eriksson Ek         60     1   2  2  
 2 Brock Nelson             Jake Guentzel            Darren Helm              40     1   2  2  

PowerPlay Defense
   Defense                  Defense                                           Time % Phy DF OF 
 1 Damon Severson           Oliver Ekman-Larsson                              60     1   2  2  
 2 Ian Cole                 Brady Skjei                                       40     1   2  2  

Penalty Kill 4 Players Forward 
   Center                   Wing                     Time % Phy DF OF 
 1 Claude Giroux            Elias Pettersson         60     1   2  2  
 2 Brock Nelson             Jake Guentzel            40     1   2  2  

Penalty Kill 4 Players Defense
   Defense                  Defense                  Time % Phy DF OF 
 1 Damon Severson           Oliver Ekman-Larsson     60     1   2  2  
 2 Ian Cole                 Brady Skjei              40     1   2  2  

Penalty Kill - 3 Players Forward 
   Forward                                           Time % Phy DF OF 
 1 Claude Giroux                                     60     1   2  2  
 2 Elias Pettersson                                  40     1   2  2  

Penalty Kill - 3 Players Defense
   Defense                  Defense                  Time % Phy DF OF 
 1 Damon Severson           Oliver Ekman-Larsson     60     1   2  2  
 2 Ian Cole                 Brady Skjei              40     1   2  2  

4 vs 4 Forward 
   Center                   Wing                     Time % Phy DF OF 
 1 Claude Giroux            Elias Pettersson         60     1   2  2  
 2 Brock Nelson             Jake Guentzel            40     1   2  2  

4 vs 4 Defense
   Defense                  Defense                  Time % Phy DF OF 
 1 Damon Severson           Oliver Ekman-Larsson     60     1   2  2  
 2 Ian Cole                 Brady Skjei              40     1   2  2  

Last Minutes Offensive
   Center                   Left Wing                Right Wing               Defense                  Defense                  
   Claude Giroux            Elias Pettersson         Joel Eriksson Ek         Damon Severson           Oliver Ekman-Larsson     

Last Minutes Defensive
   Center                   Left Wing                Right Wing               Defense                  Defense                  
   Claude Giroux            Elias Pettersson         Joel Eriksson Ek         Damon Severson           Oliver Ekman-Larsson     

Goaltenders
Starting : Henrik Lundqvist         
Backup : Samuel Montembeault      

Extra Forwards
Normal : Derek Grant, Riley Sheahan, Johan Larsson - PP : Derek Grant, Riley Sheahan - PK : Johan Larsson
Extra Defensemen
Normal : Ben Chiarot, Zach Bogosian, Stephen Johns - PP : Ben Chiarot - PK : Zach Bogosian, Stephen Johns
Penalty Shots
Claude Giroux, Elias Pettersson, Brock Nelson, Jake Guentzel, Joel Eriksson Ek
Custom OT Lines Forwards
Claude Giroux, Elias Pettersson, Brock Nelson, Jake Guentzel, Joel Eriksson Ek, Derek Grant, Riley Sheahan, Darren Helm, Johan Larsson, Adam Lowry
Custom OT Lines Defensemen
Damon Severson, Oliver Ekman-Larsson, Ian Cole, Brady Skjei, Ben Chiarot

Scratches
Kevin Rooney (Healthy), Curtis McKenzie (Healthy)

Kings

5 vs 5 Forward 
   Center                   Left Wing                Right Wing               Time % Phy DF OF 
 1 Tomas Hertl              Alex Ovechkin            Artemi Panarin           39     1   2  2  
 2 Jamie Benn               Artem Anisimov           Alexander Radulov        33     1   2  2  
 3 Sean Kuraly              Artturi Lehkonen         Carter Rowney            19     1   2  2  
 4 Jayson Megna             Taro Hirose              Tage Thompson            9      1   2  2  

5 vs 5 Defense 
   Defense                  Defense                                           Time % Phy DF OF 
 1 Shea Weber               Alex Goligoski                                    40     1   2  2  
 2 Jonas Brodin             Danny DeKeyser                                    35     1   2  2  
 3 Michael Del Zotto        Luke Schenn                                       25     1   2  2  
 4 Shea Weber               Alex Goligoski                                    0      1   2  2  

PowerPlay Forward 
   Center                   Left Wing                Right Wing               Time % Phy DF OF 
 1 Tomas Hertl              Alex Ovechkin            Artemi Panarin           60     0   1  4  
 2 Jamie Benn               Artem Anisimov           Alexander Radulov        40     0   1  4  

PowerPlay Defense
   Defense                  Defense                                           Time % Phy DF OF 
 1 Shea Weber               Alex Goligoski                                    60     1   3  1  
 2 Jonas Brodin             Michael Del Zotto                                 40     1   3  1  

Penalty Kill 4 Players Forward 
   Center                   Wing                     Time % Phy DF OF 
 1 Sean Kuraly              Carter Rowney            60     1   4  0  
 2 Jayson Megna             Artturi Lehkonen         40     1   4  0  

Penalty Kill 4 Players Defense
   Defense                  Defense                  Time % Phy DF OF 
 1 Jonas Brodin             Danny DeKeyser           60     1   4  0  
 2 Shea Weber               Alex Goligoski           40     1   4  0  

Penalty Kill - 3 Players Forward 
   Forward                                           Time % Phy DF OF 
 1 Tomas Hertl                                       60     1   4  0  
 2 Sean Kuraly                                       40     1   4  0  

Penalty Kill - 3 Players Defense
   Defense                  Defense                  Time % Phy DF OF 
 1 Shea Weber               Alex Goligoski           60     1   4  0  
 2 Jonas Brodin             Danny DeKeyser           40     1   4  0  

4 vs 4 Forward 
   Center                   Wing                     Time % Phy DF OF 
 1 Tomas Hertl              Alex Ovechkin            60     1   2  2  
 2 Jamie Benn               Artemi Panarin           40     1   2  2  

4 vs 4 Defense
   Defense                  Defense                  Time % Phy DF OF 
 1 Shea Weber               Alex Goligoski           60     1   2  2  
 2 Jonas Brodin             Danny DeKeyser           40     1   2  2  

Last Minutes Offensive
   Center                   Left Wing                Right Wing               Defense                  Defense                  
   Tomas Hertl              Alex Ovechkin            Artemi Panarin           Shea Weber               Alex Goligoski           

Last Minutes Defensive
   Center                   Left Wing                Right Wing               Defense                  Defense                  
   Tomas Hertl              Alex Ovechkin            Artemi Panarin           Shea Weber               Alex Goligoski           

Goaltenders
Starting : Semyon Varlamov          
Backup : Devan Dubnyk             

Extra Forwards
Normal : Artturi Lehkonen, Sean Kuraly, Carter Rowney - PP : Artturi Lehkonen, Sean Kuraly - PK : Carter Rowney
Extra Defensemen
Normal : Michael Del Zotto, Luke Schenn, Jonas Brodin - PP : Michael Del Zotto - PK : Luke Schenn, Jonas Brodin
Penalty Shots
Alex Ovechkin, Artemi Panarin, Tomas Hertl, Jamie Benn, Alexander Radulov
Custom OT Lines Forwards
Alex Ovechkin, Artemi Panarin, Tomas Hertl, Jamie Benn, Alexander Radulov, Artem Anisimov, Artturi Lehkonen, Sean Kuraly, Carter Rowney, Jayson Megna
Custom OT Lines Defensemen
Shea Weber, Alex Goligoski, Jonas Brodin, Danny DeKeyser, Michael Del Zotto

Scratches
Nikolay Goldobin (Sore Left Knee Injury)

% Time on Ice - Capitals

Lines # - Real PCT - Wanted PCT - Time Play
Normal Forward
1 - 34% - 40% - 16:54
2 - 25% - 30% - 12:40
3 - 25% - 20% - 12:21
4 - 16% - 10% - 8:13
Normal Defense
1 - 38% - 40% - 19:02
2 - 31% - 30% - 15:18
3 - 23% - 20% - 11:46
4 - 8% - 10% - 4:02
PP Forward
1 - 59% - 60% - 1:16
2 - 41% - 40% - 0:52
PP Defense
1 - 51% - 60% - 1:05
2 - 49% - 40% - 1:03
PK Forward
1 - 76% - 60% - 5:42
2 - 24% - 40% - 1:48
PK Defense
1 - 60% - 60% - 4:29
2 - 40% - 40% - 3:01
PK3 Forward
1 - 0% - 60%
2 - 0% - 40%
PK3 Defense
1 - 0% - 60%
2 - 0% - 40%
44 Forward
1 - 0% - 60%
2 - 0% - 40%
44 Defense
1 - 0% - 60%
2 - 0% - 40%
Last Minute Offensive  - 0:14
Last Minute Defensive  - 0:00
Total
Forward - 60:00
Defense - 60:00

% Time on Ice - Kings

Lines # - Real PCT - Wanted PCT - Time Play
Normal Forward
1 - 34% - 39% - 17:06
2 - 28% - 33% - 13:55
3 - 23% - 19% - 11:31
4 - 15% - 9% - 7:33
Normal Defense
1 - 41% - 40% - 20:28
2 - 35% - 35% - 17:18
3 - 25% - 25% - 12:19
4 - 0% - 0% - 0:00
PP Forward
1 - 49% - 60% - 3:41
2 - 51% - 40% - 3:49
PP Defense
1 - 73% - 60% - 5:28
2 - 27% - 40% - 2:02
PK Forward
1 - 83% - 60% - 1:46
2 - 17% - 40% - 0:22
PK Defense
1 - 60% - 60% - 1:17
2 - 40% - 40% - 0:51
PK3 Forward
1 - 0% - 60%
2 - 0% - 40%
PK3 Defense
1 - 0% - 60%
2 - 0% - 40%
44 Forward
1 - 0% - 60%
2 - 0% - 40%
44 Defense
1 - 0% - 60%
2 - 0% - 40%
Last Minute Offensive  - 0:00
Last Minute Defensive  - 0:17
Total
Forward - 60:00
Defense - 60:00

Play-by-Play

1st period


0:01 of 1st period - Claude Giroux wins face-off versus Tomas Hertl in neutral zone.
1:01 of 1st period - Ian Cole is hit by Carter Rowney.
1:31 of 1st period - Carter Rowney is hit by Adam Lowry and loses puck.
2:00 of 1st period - Snap shot by Artturi Lehkonen.
2:00 of 1st period - Shot Blocked by Oliver Ekman-Larsson.
2:10 of 1st period - Carter Rowney is hit by Darren Helm and loses puck.
2:31 of 1st period - Wrist shot by Artemi Panarin.
2:31 of 1st period - Stopped by Henrik Lundqvist with a rebound.
2:37 of 1st period - Brady Skjei is hit by Alex Ovechkin and loses puck.
2:50 of 1st period - Snap shot by Elias Pettersson.
2:50 of 1st period - Shot Blocked by Danny DeKeyser.
3:02 of 1st period - Slapshot by Elias Pettersson.
3:02 of 1st period - Shot Misses the Net.
3:29 of 1st period - Snap shot by Elias Pettersson.
3:29 of 1st period - Stopped by Semyon Varlamov without a rebound.
3:30 of 1st period - Derek Grant wins face-off versus Jamie Benn in Kings zone.
4:01 of 1st period - Jayson Megna is hit by Zach Bogosian and loses puck.
4:44 of 1st period - Slapshot by Riley Sheahan.
4:44 of 1st period - Deflect By Adam Lowry.
4:44 of 1st period - Stopped by Semyon Varlamov with a rebound.
4:46 of 1st period - Slapshot by Damon Severson.
4:46 of 1st period - Stopped by Semyon Varlamov without a rebound.
4:47 of 1st period - Riley Sheahan wins face-off versus Jamie Benn in Kings zone.
4:56 of 1st period - Snap shot by Tyler Pitlick.
4:56 of 1st period - Deflect By Adam Lowry.
4:56 of 1st period - Shot Blocked by Luke Schenn.
4:56 of 1st period - Puck is out of play.
4:57 of 1st period - Brock Nelson wins face-off versus Jamie Benn in Kings zone.
4:58 of 1st period - Snap shot by Jake Guentzel.
4:58 of 1st period - Stopped by Semyon Varlamov with a rebound.
5:21 of 1st period - Luke Schenn is hit by Claude Giroux and loses puck.
5:50 of 1st period - Jayson Megna is hit by Adam Lowry and loses puck.
6:27 of 1st period - Wrist shot by Artturi Lehkonen.
6:27 of 1st period - Stopped by Henrik Lundqvist without a rebound.
6:28 of 1st period - Claude Giroux wins face-off versus Artemi Panarin in Capitals zone.
6:39 of 1st period - Wrist shot by Claude Giroux.
6:39 of 1st period - Shot Misses the Net.
6:41 of 1st period - Snap shot by Oliver Ekman-Larsson.
6:41 of 1st period - Stopped by Semyon Varlamov with a rebound.
7:03 of 1st period - Snap shot by Artem Anisimov.
7:03 of 1st period - Shot Hit the Post.
7:25 of 1st period - Sean Kuraly is hit by Johan Larsson.
7:52 of 1st period - Snap shot by Carter Rowney.
7:52 of 1st period - Shot Blocked by Zach Bogosian.
8:50 of 1st period - Wrist shot by Carter Rowney.
8:50 of 1st period - Deflect By Artturi Lehkonen.
8:50 of 1st period - Shot Misses the Net.
8:50 of 1st period - Puck is out of play.
8:51 of 1st period - Tomas Hertl wins face-off versus Joel Eriksson Ek in Capitals zone.
8:58 of 1st period - Wrist shot by Alex Ovechkin.
8:58 of 1st period - Shot Misses the Net.
9:16 of 1st period - Oliver Ekman-Larsson is hit by Jamie Benn and loses puck.
9:23 of 1st period - Wrist shot by Brock Nelson.
9:23 of 1st period - Shot Misses the Net.
9:41 of 1st period - Snap shot by Elias Pettersson.
9:41 of 1st period - Goal by Elias Pettersson - Capitals : 1 - Kings : 0.
9:42 of 1st period - Tomas Hertl wins face-off versus Claude Giroux in neutral zone.
9:47 of 1st period - Damon Severson is hit by Alex Ovechkin and loses puck.
9:52 of 1st period - Wrist shot by Artemi Panarin.
9:52 of 1st period - Stopped by Henrik Lundqvist without a rebound.
9:53 of 1st period - Tomas Hertl wins face-off versus Claude Giroux in Capitals zone.
10:15 of 1st period - Icing by Alex Ovechkin.
10:16 of 1st period - Brock Nelson wins face-off versus Tomas Hertl in Kings zone.
10:17 of 1st period - Snap shot by Jake Guentzel.
10:17 of 1st period - Deflect By Brock Nelson.
10:17 of 1st period - Shot Misses the Net.
10:17 of 1st period - Puck is out of play.
10:18 of 1st period - Jamie Benn wins face-off versus Brock Nelson in Kings zone.
10:27 of 1st period - Brock Nelson is hit by Jamie Benn and loses puck.
11:08 of 1st period - Wrist shot by Taro Hirose.
11:08 of 1st period - Shot Misses the Net.
11:10 of 1st period - Wrist shot by Tage Thompson.
11:10 of 1st period - Shot Blocked by Adam Lowry.
11:12 of 1st period - Snap shot by Taro Hirose.
11:12 of 1st period - Stopped by Henrik Lundqvist without a rebound.
11:13 of 1st period - Claude Giroux wins face-off versus Jamie Benn in Capitals zone.
11:15 of 1st period - Minor Penalty to Damon Severson for Holding.
11:16 of 1st period - Claude Giroux wins face-off versus Tomas Hertl in Capitals zone.
11:43 of 1st period - Icing by Jamie Benn.
11:44 of 1st period - Jamie Benn wins face-off versus Elias Pettersson in Kings zone.
11:54 of 1st period - Wrist shot by Artem Anisimov.
11:54 of 1st period - Stopped by Henrik Lundqvist without a rebound.
11:55 of 1st period - Claude Giroux wins face-off versus Tomas Hertl in Capitals zone.
11:55 of 1st period - Claude Giroux is hit by Alex Ovechkin.
13:15 of 1st period - Penalty to Damon Severson is over, Damon Severson is back on ice.
13:26 of 1st period - Shea Weber is hit by Tyler Pitlick and loses puck.
13:31 of 1st period - Snap shot by Damon Severson.
13:31 of 1st period - Shot Misses the Net.
13:56 of 1st period - Slapshot by Artturi Lehkonen.
13:56 of 1st period - Shot Misses the Net.
16:10 of 1st period - Off-side.
16:11 of 1st period - Sean Kuraly wins face-off versus Claude Giroux in neutral zone.
16:14 of 1st period - Slapshot by Shea Weber.
16:14 of 1st period - Shot Misses the Net.
16:16 of 1st period - Slapshot by Artturi Lehkonen.
16:16 of 1st period - Stopped by Henrik Lundqvist with a rebound.
16:18 of 1st period - Backhand shot by Carter Rowney.
16:18 of 1st period - Stopped by Henrik Lundqvist with a rebound.
16:20 of 1st period - Wrist shot by Carter Rowney.
16:20 of 1st period - Shot Misses the Net.
16:57 of 1st period - Minor Penalty to Brady Skjei for Unsportsmanlike conduct.
16:58 of 1st period - Tomas Hertl wins face-off versus Claude Giroux in Capitals zone.
17:36 of 1st period - Snap shot by Brock Nelson.
17:36 of 1st period - Shot Misses the Net.
18:08 of 1st period - Wrist shot by Alexander Radulov.
18:08 of 1st period - Shot Misses the Net.
18:30 of 1st period - Wrist shot by Jamie Benn.
18:30 of 1st period - Goal by Jamie Benn - Capitals : 1 - Kings : 1.
18:31 of 1st period - Brock Nelson wins face-off versus Alex Ovechkin in neutral zone.
19:23 of 1st period - Tage Thompson is hit by Damon Severson and loses puck.
19:32 of 1st period - Slapshot by Taro Hirose.
19:32 of 1st period - Stopped by Henrik Lundqvist with a rebound.
19:52 of 1st period - Snap shot by Brock Nelson.
19:52 of 1st period - Shot Misses the Net.
19:54 of 1st period - Snap shot by Darren Helm.
19:54 of 1st period - Shot Misses the Net.
Goals for this period are 1 for Capitals vs 1 for Kings.
Shots for this period are 6 for Capitals vs 9 for Kings.
0:00 of 2nd period - Minor Penalty to Artemi Panarin for Tripping.

2nd period


0:01 of 2nd period - Claude Giroux wins face-off versus Sean Kuraly in neutral zone.
0:08 of 2nd period - Snap shot by Claude Giroux.
0:08 of 2nd period - Goal by Claude Giroux - Capitals : 2 - Kings : 1.
0:09 of 2nd period - Claude Giroux wins face-off versus Jamie Benn in neutral zone.
0:25 of 2nd period - Icing by Shea Weber.
0:26 of 2nd period - Jamie Benn wins face-off versus Brock Nelson in Kings zone.
0:33 of 2nd period - Wrist shot by Jamie Benn.
0:33 of 2nd period - Stopped by Henrik Lundqvist without a rebound.
0:34 of 2nd period - Brock Nelson wins face-off versus Jamie Benn in Capitals zone.
0:34 of 2nd period - Brock Nelson is hit by Alexander Radulov.
0:44 of 2nd period - Slapshot by Jamie Benn.
0:44 of 2nd period - Shot Misses the Net.
0:54 of 2nd period - Snap shot by Brock Nelson.
0:54 of 2nd period - Shot Blocked by Shea Weber.
1:05 of 2nd period - Snap shot by Artemi Panarin.
1:05 of 2nd period - Shot Misses the Net.
1:07 of 2nd period - Slapshot by Tomas Hertl.
1:07 of 2nd period - Deflect By Alex Ovechkin.
1:07 of 2nd period - Shot Blocked by Darren Helm.
1:07 of 2nd period - Puck is out of play.
1:08 of 2nd period - Claude Giroux wins face-off versus Jamie Benn in Capitals zone.
1:17 of 2nd period - Wrist shot by Claude Giroux.
1:17 of 2nd period - Shot Misses the Net.
1:19 of 2nd period - Wrist shot by Elias Pettersson.
1:19 of 2nd period - Shot Hit the Post.
1:21 of 2nd period - Wrist shot by Joel Eriksson Ek.
1:21 of 2nd period - Shot Blocked by Danny DeKeyser.
1:23 of 2nd period - Backhand shot by Joel Eriksson Ek.
1:23 of 2nd period - Shot Misses the Net.
1:33 of 2nd period - Artem Anisimov is hit by Ian Cole.
1:44 of 2nd period - Snap shot by Riley Sheahan.
1:44 of 2nd period - Shot Misses the Net.
1:46 of 2nd period - Snap shot by Adam Lowry.
1:46 of 2nd period - Stopped by Semyon Varlamov with a rebound.
2:16 of 2nd period - Off-side.
2:17 of 2nd period - Sean Kuraly wins face-off versus Brock Nelson in neutral zone.
2:31 of 2nd period - Snap shot by Brock Nelson.
2:31 of 2nd period - Shot Misses the Net.
2:33 of 2nd period - Slapshot by Damon Severson.
2:33 of 2nd period - Shot Misses the Net.
2:43 of 2nd period - Damon Severson is hit by Artemi Panarin and loses puck.
3:02 of 2nd period - Tage Thompson is hit by Derek Grant and loses puck.
3:29 of 2nd period - Wrist shot by Jamie Benn.
3:29 of 2nd period - Deflect By Alexander Radulov.
3:29 of 2nd period - Shot Misses the Net.
3:29 of 2nd period - Puck is out of play.
3:30 of 2nd period - Tomas Hertl wins face-off versus Joel Eriksson Ek in Capitals zone.
3:39 of 2nd period - Artemi Panarin is hit by Joel Eriksson Ek and loses puck.
3:43 of 2nd period - Icing by Artemi Panarin.
3:44 of 2nd period - Tomas Hertl wins face-off versus Claude Giroux in Kings zone.
3:44 of 2nd period - Tomas Hertl is hit by Claude Giroux.
3:52 of 2nd period - Wrist shot by Artemi Panarin.
3:52 of 2nd period - Stopped by Henrik Lundqvist without a rebound.
3:53 of 2nd period - Joel Eriksson Ek wins face-off versus Jamie Benn in Capitals zone.
4:05 of 2nd period - Snap shot by Elias Pettersson.
4:05 of 2nd period - Stopped by Semyon Varlamov without a rebound.
4:06 of 2nd period - Tomas Hertl wins face-off versus Claude Giroux in Kings zone.
4:21 of 2nd period - Slapshot by Claude Giroux.
4:21 of 2nd period - Stopped by Semyon Varlamov without a rebound.
4:22 of 2nd period - Jamie Benn wins face-off versus Brock Nelson in Kings zone.
4:35 of 2nd period - Slapshot by Alexander Radulov.
4:35 of 2nd period - Stopped by Henrik Lundqvist with a rebound.
4:37 of 2nd period - Slapshot by Jamie Benn.
4:37 of 2nd period - Shot Misses the Net.
4:54 of 2nd period - Wrist shot by Artemi Panarin.
4:54 of 2nd period - Stopped by Henrik Lundqvist with a rebound.
5:14 of 2nd period - Snap shot by Derek Grant.
5:14 of 2nd period - Stopped by Semyon Varlamov with a rebound.
5:24 of 2nd period - Jayson Megna is hit by Johan Larsson and loses puck.
5:57 of 2nd period - Slapshot by Brock Nelson.
5:57 of 2nd period - Shot Blocked by Michael Del Zotto.
5:59 of 2nd period - Snap shot by Jake Guentzel.
5:59 of 2nd period - Shot Blocked by Alex Ovechkin.
6:01 of 2nd period - Wrist shot by Darren Helm.
6:01 of 2nd period - Stopped by Semyon Varlamov with a rebound.
6:03 of 2nd period - Wrist shot by Jake Guentzel.
6:03 of 2nd period - Stopped by Semyon Varlamov without a rebound.
6:04 of 2nd period - Claude Giroux wins face-off versus Tomas Hertl in Kings zone.
6:15 of 2nd period - Slapshot by Claude Giroux.
6:15 of 2nd period - Stopped by Semyon Varlamov with a rebound.
6:31 of 2nd period - Jamie Benn is hit by Damon Severson and loses puck.
7:01 of 2nd period - Slapshot by Brock Nelson.
7:01 of 2nd period - Shot Misses the Net.
7:03 of 2nd period - Snap shot by Jake Guentzel.
7:03 of 2nd period - Shot Misses the Net.
8:05 of 2nd period - Slapshot by Damon Severson.
8:05 of 2nd period - Shot Misses the Net.
8:27 of 2nd period - Off-side.
8:28 of 2nd period - Riley Sheahan wins face-off versus Tomas Hertl in neutral zone.
8:31 of 2nd period - Tomas Hertl is hit by Zach Bogosian and loses puck.
8:44 of 2nd period - Zach Bogosian is hit by Alex Ovechkin and loses puck.
9:20 of 2nd period - Backhand shot by Tyler Pitlick.
9:20 of 2nd period - Shot Misses the Net.
9:22 of 2nd period - Wrist shot by Tyler Pitlick.
9:22 of 2nd period - Shot Blocked by Michael Del Zotto.
9:24 of 2nd period - Backhand shot by Zach Bogosian.
9:24 of 2nd period - Deflect By Tyler Pitlick.
9:24 of 2nd period - Stopped by Semyon Varlamov without a rebound.
9:25 of 2nd period - Joel Eriksson Ek wins face-off versus Tomas Hertl in Kings zone.
10:33 of 2nd period - Snap shot by Elias Pettersson.
10:33 of 2nd period - Shot Blocked by Taro Hirose.
10:35 of 2nd period - Slapshot by Brady Skjei.
10:35 of 2nd period - Deflect By Elias Pettersson.
10:35 of 2nd period - Shot Misses the Net.
10:35 of 2nd period - Puck is out of play.
10:36 of 2nd period - Jayson Megna wins face-off versus Claude Giroux in Kings zone.
10:36 of 2nd period - Jayson Megna is hit by Joel Eriksson Ek.
10:48 of 2nd period - Snap shot by Tage Thompson.
10:48 of 2nd period - Deflect By Jayson Megna.
10:48 of 2nd period - Stopped by Henrik Lundqvist with a rebound.
10:50 of 2nd period - Minor Penalty to Elias Pettersson for Interference.
10:51 of 2nd period - Tomas Hertl wins face-off versus Claude Giroux in Capitals zone.
11:00 of 2nd period - Snap shot by Alex Ovechkin.
11:00 of 2nd period - Stopped by Henrik Lundqvist without a rebound.
11:01 of 2nd period - Claude Giroux wins face-off versus Tomas Hertl in Capitals zone.
11:20 of 2nd period - Snap shot by Artemi Panarin.
11:20 of 2nd period - Shot Misses the Net.
11:22 of 2nd period - Snap shot by Shea Weber.
11:22 of 2nd period - Shot Blocked by Oliver Ekman-Larsson.
11:24 of 2nd period - Snap shot by Artemi Panarin.
11:24 of 2nd period - Stopped by Henrik Lundqvist without a rebound.
11:25 of 2nd period - Alexander Radulov wins face-off versus Claude Giroux in Capitals zone.
11:38 of 2nd period - Wrist shot by Jamie Benn.
11:38 of 2nd period - Shot Misses the Net.
12:13 of 2nd period - Alexander Radulov is hit by Ian Cole and loses puck.
12:50 of 2nd period - Penalty to Elias Pettersson is over, Elias Pettersson is back on ice.
13:15 of 2nd period - Sean Kuraly is hit by Johan Larsson and loses puck.
13:54 of 2nd period - Slapshot by Alexander Radulov.
13:54 of 2nd period - Shot Blocked by Elias Pettersson.
13:56 of 2nd period - Snap shot by Artem Anisimov.
13:56 of 2nd period - Shot Misses the Net.
13:58 of 2nd period - Wrist shot by Jamie Benn.
13:58 of 2nd period - Stopped by Henrik Lundqvist without a rebound.
13:59 of 2nd period - Jamie Benn wins face-off versus Derek Grant in Capitals zone.
14:06 of 2nd period - Wrist shot by Alexander Radulov.
14:06 of 2nd period - Stopped by Henrik Lundqvist with a rebound.
14:08 of 2nd period - Wrist shot by Jamie Benn.
14:08 of 2nd period - Shot Misses the Net.
14:36 of 2nd period - Darren Helm is hit by Artemi Panarin and loses puck.
15:32 of 2nd period - Tyler Pitlick is hit by Jonas Brodin and loses puck.
15:45 of 2nd period - Wrist shot by Tyler Pitlick.
15:45 of 2nd period - Stopped by Semyon Varlamov without a rebound.
15:46 of 2nd period - Claude Giroux wins face-off versus Tomas Hertl in Kings zone.
15:49 of 2nd period - Wrist shot by Elias Pettersson.
15:49 of 2nd period - Stopped by Semyon Varlamov with a rebound.
16:27 of 2nd period - Minor Penalty to Tomas Hertl for Slashing.
16:28 of 2nd period - Claude Giroux wins face-off versus Sean Kuraly in Kings zone.
16:55 of 2nd period - Icing by Darren Helm.
16:56 of 2nd period - Sean Kuraly wins face-off versus Brock Nelson in Capitals zone.
17:21 of 2nd period - Snap shot by Claude Giroux.
17:21 of 2nd period - Stopped by Semyon Varlamov with a rebound.
17:33 of 2nd period - Snap shot by Elias Pettersson.
17:33 of 2nd period - Shot Blocked by Jayson Megna.
18:27 of 2nd period - Penalty to Tomas Hertl is over, Tomas Hertl is back on ice.
18:30 of 2nd period - Snap shot by Tomas Hertl.
18:30 of 2nd period - Stopped by Henrik Lundqvist with a rebound.
19:06 of 2nd period - Taro Hirose is hit by Tyler Pitlick and loses puck.
Goals for this period are 1 for Capitals vs 0 for Kings.
Shots for this period are 12 for Capitals vs 10 for Kings.

3rd period


0:01 of 3rd period - Claude Giroux wins face-off versus Tomas Hertl in neutral zone.
0:51 of 3rd period - Jonas Brodin is hit by Brady Skjei and loses puck.
1:20 of 3rd period - Tage Thompson is hit by Joel Eriksson Ek.
1:38 of 3rd period - Slapshot by Tomas Hertl.
1:38 of 3rd period - Shot Blocked by Oliver Ekman-Larsson.
1:42 of 3rd period - Snap shot by Artemi Panarin.
1:42 of 3rd period - Shot Misses the Net.
1:44 of 3rd period - Slapshot by Jonas Brodin.
1:44 of 3rd period - Goal by Jonas Brodin - Capitals : 2 - Kings : 2.
1:45 of 3rd period - Artem Anisimov wins face-off versus Claude Giroux in neutral zone.
2:10 of 3rd period - Alex Goligoski is hit by Jake Guentzel and loses puck.
2:31 of 3rd period - Slapshot by Johan Larsson.
2:31 of 3rd period - Deflect By Sean Kuraly.
2:31 of 3rd period - Stopped by Semyon Varlamov with a rebound.
2:33 of 3rd period - Snap shot by Johan Larsson.
2:33 of 3rd period - Stopped by Semyon Varlamov without a rebound.
2:34 of 3rd period - Derek Grant wins face-off versus Sean Kuraly in Kings zone.
2:37 of 3rd period - Wrist shot by Joakim Nordstrom.
2:37 of 3rd period - Shot Hit the Post.
2:43 of 3rd period - Joakim Nordstrom is hit by Carter Rowney and loses puck.
2:50 of 3rd period - Slapshot by Artturi Lehkonen.
2:50 of 3rd period - Stopped by Henrik Lundqvist without a rebound.
2:51 of 3rd period - Joel Eriksson Ek wins face-off versus Tomas Hertl in Capitals zone.
2:56 of 3rd period - Shea Weber is hit by Damon Severson and loses puck.
3:21 of 3rd period - Wrist shot by Alexander Radulov.
3:21 of 3rd period - Shot Misses the Net.
3:40 of 3rd period - Off-side.
3:41 of 3rd period - Derek Grant wins face-off versus Sean Kuraly in neutral zone.
3:48 of 3rd period - Danny DeKeyser is hit by Johan Larsson and loses puck.
3:57 of 3rd period - Snap shot by Carter Rowney.
3:57 of 3rd period - Stopped by Henrik Lundqvist without a rebound.
3:58 of 3rd period - Tomas Hertl wins face-off versus Joel Eriksson Ek in Capitals zone.
4:09 of 3rd period - Snap shot by Claude Giroux.
4:09 of 3rd period - Stopped by Semyon Varlamov without a rebound.
4:10 of 3rd period - Jamie Benn wins face-off versus Elias Pettersson in Kings zone.
4:19 of 3rd period - Jamie Benn is hit by Elias Pettersson and loses puck.
4:46 of 3rd period - Snap shot by Tomas Hertl.
4:46 of 3rd period - Stopped by Henrik Lundqvist without a rebound.
4:47 of 3rd period - Claude Giroux wins face-off versus Jamie Benn in Capitals zone.
4:47 of 3rd period - Claude Giroux is hit by Artem Anisimov.
5:03 of 3rd period - Slapshot by Elias Pettersson.
5:03 of 3rd period - Stopped by Semyon Varlamov with a rebound.
5:13 of 3rd period - Alexander Radulov is hit by Oliver Ekman-Larsson and loses puck.
5:19 of 3rd period - Off-side.
5:20 of 3rd period - Tomas Hertl wins face-off versus Derek Grant in neutral zone.
5:43 of 3rd period - Minor Penalty to Johan Larsson for Interference.
5:44 of 3rd period - Claude Giroux wins face-off versus Tomas Hertl in Capitals zone.
6:02 of 3rd period - Elias Pettersson is hit by Alex Goligoski and loses puck.
6:21 of 3rd period - Slapshot by Brock Nelson.
6:21 of 3rd period - Stopped by Semyon Varlamov with a rebound.
7:43 of 3rd period - Penalty to Johan Larsson is over, Johan Larsson is back on ice.
8:17 of 3rd period - Snap shot by Jake Guentzel.
8:17 of 3rd period - Shot Misses the Net.
8:19 of 3rd period - Slapshot by Johan Larsson.
8:19 of 3rd period - Stopped by Semyon Varlamov without a rebound.
8:20 of 3rd period - Riley Sheahan wins face-off versus Sean Kuraly in Kings zone.
8:45 of 3rd period - Tage Thompson is hit by Zach Bogosian and loses puck.
10:33 of 3rd period - Slapshot by Alex Ovechkin.
10:33 of 3rd period - Shot Blocked by Ben Chiarot.
10:35 of 3rd period - Snap shot by Alex Ovechkin.
10:35 of 3rd period - Shot Misses the Net.
10:53 of 3rd period - Snap shot by Sean Kuraly.
10:53 of 3rd period - Shot Blocked by Zach Bogosian.
11:15 of 3rd period - Snap shot by Artem Anisimov.
11:15 of 3rd period - Shot Misses the Net.
11:17 of 3rd period - Slapshot by Shea Weber.
11:17 of 3rd period - Deflect By Oliver Ekman-Larsson.
11:17 of 3rd period - Stopped by Henrik Lundqvist with a rebound.
11:19 of 3rd period - Wrist shot by Artem Anisimov.
11:19 of 3rd period - Shot Blocked by Damon Severson.
11:21 of 3rd period - Slapshot by Shea Weber.
11:21 of 3rd period - Stopped by Henrik Lundqvist with a rebound.
11:31 of 3rd period - Snap shot by Artemi Panarin.
11:31 of 3rd period - Goal by Artemi Panarin - Capitals : 2 - Kings : 3.
11:32 of 3rd period - Artemi Panarin wins face-off versus Claude Giroux in neutral zone.
11:35 of 3rd period - Backhand shot by Alex Ovechkin.
11:35 of 3rd period - Shot Blocked by Oliver Ekman-Larsson.
11:44 of 3rd period - Icing by Elias Pettersson.
11:45 of 3rd period - Claude Giroux wins face-off versus Tomas Hertl in Capitals zone.
12:04 of 3rd period - Snap shot by Elias Pettersson.
12:04 of 3rd period - Shot Misses the Net.
12:06 of 3rd period - Snap shot by Joel Eriksson Ek.
12:06 of 3rd period - Shot Misses the Net.
12:08 of 3rd period - Wrist shot by Claude Giroux.
12:08 of 3rd period - Stopped by Semyon Varlamov with a rebound.
12:20 of 3rd period - Slapshot by Elias Pettersson.
12:20 of 3rd period - Shot Misses the Net.
12:32 of 3rd period - Wrist shot by Claude Giroux.
12:32 of 3rd period - Shot Blocked by Alex Goligoski.
12:34 of 3rd period - Slapshot by Oliver Ekman-Larsson.
12:34 of 3rd period - Stopped by Semyon Varlamov with a rebound.
12:36 of 3rd period - Snap shot by Joel Eriksson Ek.
12:36 of 3rd period - Shot Blocked by Artemi Panarin.
12:38 of 3rd period - Slapshot by Damon Severson.
12:38 of 3rd period - Deflect By Claude Giroux.
12:38 of 3rd period - Stopped by Semyon Varlamov with a rebound.
12:40 of 3rd period - Snap shot by Damon Severson.
12:40 of 3rd period - Stopped by Semyon Varlamov with a rebound.
12:42 of 3rd period - Wrist shot by Elias Pettersson.
12:42 of 3rd period - Stopped by Semyon Varlamov without a rebound.
12:43 of 3rd period - Jamie Benn wins face-off versus Jake Guentzel in Kings zone.
13:08 of 3rd period - Danny DeKeyser is hit by Johan Larsson.
13:16 of 3rd period - Wrist shot by Sean Kuraly.
13:16 of 3rd period - Stopped by Henrik Lundqvist without a rebound.
13:17 of 3rd period - Alexander Radulov wins face-off versus Joakim Nordstrom in Capitals zone.
13:20 of 3rd period - Wrist shot by Alexander Radulov.
13:20 of 3rd period - Stopped by Henrik Lundqvist without a rebound.
13:21 of 3rd period - Jamie Benn wins face-off versus Derek Grant in Capitals zone.
13:26 of 3rd period - Snap shot by Alexander Radulov.
13:26 of 3rd period - Shot Misses the Net.
13:56 of 3rd period - Snap shot by Tomas Hertl.
13:56 of 3rd period - Shot Blocked by Stephen Johns.
14:08 of 3rd period - Jake Guentzel is hit by Carter Rowney and loses puck.
14:49 of 3rd period - Slapshot by Brady Skjei.
14:49 of 3rd period - Shot Misses the Net.
15:10 of 3rd period - Slapshot by Ian Cole.
15:10 of 3rd period - Stopped by Semyon Varlamov with a rebound.
15:57 of 3rd period - Snap shot by Tyler Pitlick.
15:57 of 3rd period - Stopped by Semyon Varlamov without a rebound.
15:58 of 3rd period - Claude Giroux wins face-off versus Tomas Hertl in Kings zone.
16:12 of 3rd period - Slapshot by Alex Ovechkin.
16:12 of 3rd period - Stopped by Henrik Lundqvist with a rebound.
16:14 of 3rd period - Snap shot by Artemi Panarin.
16:14 of 3rd period - Shot Blocked by Oliver Ekman-Larsson.
16:24 of 3rd period - Oliver Ekman-Larsson is hit by Jamie Benn.
16:37 of 3rd period - Slapshot by Claude Giroux.
16:37 of 3rd period - Stopped by Semyon Varlamov without a rebound.
16:38 of 3rd period - Derek Grant wins face-off versus Tomas Hertl in Kings zone.
16:41 of 3rd period - Wrist shot by Johan Larsson.
16:41 of 3rd period - Stopped by Semyon Varlamov without a rebound.
16:42 of 3rd period - Derek Grant wins face-off versus Tomas Hertl in Kings zone.
16:45 of 3rd period - Snap shot by Johan Larsson.
16:45 of 3rd period - Stopped by Semyon Varlamov with a rebound.
16:47 of 3rd period - Slapshot by Zach Bogosian.
16:47 of 3rd period - Shot Hit the Post.
16:49 of 3rd period - Snap shot by Derek Grant.
16:49 of 3rd period - Stopped by Semyon Varlamov with a rebound.
16:51 of 3rd period - Snap shot by Joakim Nordstrom.
16:51 of 3rd period - Shot Blocked by Artemi Panarin.
16:53 of 3rd period - Wrist shot by Joakim Nordstrom.
16:53 of 3rd period - Deflect By Johan Larsson.
16:53 of 3rd period - Shot Blocked by Alex Ovechkin.
16:53 of 3rd period - Puck is out of play.
16:54 of 3rd period - Claude Giroux wins face-off versus Tomas Hertl in Kings zone.
17:50 of 3rd period - Wrist shot by Jake Guentzel.
17:50 of 3rd period - Shot Blocked by Artem Anisimov.
18:42 of 3rd period - Michael Del Zotto is hit by Johan Larsson and loses puck.
19:04 of 3rd period - Capitals, Henrik Lundqvist is pulled from the net.
19:10 of 3rd period - Wrist shot by Artemi Panarin.
19:10 of 3rd period - Goal by Artemi Panarin - Capitals : 2 - Kings : 4.
19:10 of 3rd period - Henrik Lundqvist from Capitals was sent back in the game.
19:11 of 3rd period - Sean Kuraly wins face-off versus Derek Grant in neutral zone.
19:20 of 3rd period - Wrist shot by Carter Rowney.
19:20 of 3rd period - Goal by Carter Rowney - Capitals : 2 - Kings : 5.
19:21 of 3rd period - Tomas Hertl wins face-off versus Claude Giroux in neutral zone.
19:24 of 3rd period - Snap shot by Shea Weber.
19:24 of 3rd period - Shot Blocked by Damon Severson.
19:31 of 3rd period - Off-side.
19:32 of 3rd period - Claude Giroux wins face-off versus Tomas Hertl in neutral zone.
Goals for this period are 0 for Capitals vs 4 for Kings.
Shots for this period are 17 for Capitals vs 12 for Kings.